 Dungeon Crawl Stone Soup version 0.19.1-1-g22dce08 (webtiles) character file.

415 Boing the Charmwright (level 6, -3/46 HPs)
             Began as a High Elf Skald on Jan 16, 2017.
             Slain by an ogre
             ... wielding a +0 giant club
              (15 damage)
             ... on level 4 of the Dungeon.
             The game lasted 00:15:41 (4178 turns).

Boing the Charmwright (High Elf Skald)              Turns: 4178, Time: 00:15:41

Health: -3/46      AC: 10    Str: 13    XL:     6   Next: 60%
Magic:  7/12       EV: 12    Int: 17    God:
Gold:   127        SH:  0    Dex: 14    Spells: 4 memorised, 4 levels left

rFire  . . .     SeeInvis .     a - +0 falchion
rCold  . . .     Gourm    .     b - +1 leather armour
rNeg   . . .     Faith    .     (no shield)
rPois  +         Spirit   .     (no helmet)
rElec  .         Reflect  .     r - +2 cloak
rCorr  .         Harm     .     e - +2 pair of gloves
MR     .....     Rnd*Rage +     (no boots)
Stlth  ++........               (no amulet)
                                (no ring)
                                j - ring of poison resistance

@: shrouded, infused
A: berserk 1, blurry vision 1, robust 1
a: no special abilities


You were on level 4 of the Dungeon.
You were not hungry.

You visited 1 branch of the dungeon, and saw 4 of its levels.

You collected 127 gold pieces.

Inventory:

Hand Weapons
 a - a +0 falchion (weapon)
Armour
 b - a +1 leather armour (worn)
 e - a +2 pair of gloves (worn)
 r - a +2 cloak (worn)
Jewellery
 j - a ring of poison resistance (left hand)
Wands
 s - a wand of acid (6/15)
Scrolls
 i - a scroll of remove curse
 k - 2 scrolls of identify
 l - 2 scrolls of enchant armour
 p - a scroll of teleportation
Potions
 f - a potion of mutation
 h - a potion of berserk rage {unknown}
Books
 c - a book of Battle

   Spells                             Type                      Level
   a - Infusion                       Charms                       1
   b - Shroud of Golubria             Charms/Translocation         2
   c - Song of Slaying                Charms                       2
   d - Spectral Weapon                Hexes/Charms                 3
   e - Regeneration                   Charms/Necromancy            3
Comestibles
 d - a bread ration
 g - a slice of pizza
 m - a meat ration


   Skills:
 + Level 3.1 Fighting
 + Level 4.9 Long Blades
 + Level 2.3 Armour
 + Level 2.1 Dodging
 + Level 1.2 Stealth
 + Level 3.5 Spellcasting
 + Level 5.1 Charms
 + Level 0.2 Translocations


You had 4 spell levels left.
You knew the following spells:

 Your Spells              Type           Power        Failure   Level  Hunger
a - Infusion              Chrm           ###.         2%          1    None
b - Song of Slaying       Chrm           ###.....     4%          2    ##.....
g - Shroud of Golubria    Chrm/Tloc      ##........   12%         2    ##.....
r - Regeneration          Chrm/Necr      ##........   28%         3    ###....


Dungeon Overview and Level Annotations

Branches:
Dungeon (4/15)
 Temple: D:4-7

Altars:


Innate Abilities, Weirdness & Mutations

You tend to lose your temper in combat.
Scrolls take you a little longer to read.
You are robust. (+10% HP)


Message History

You hit the ogre.
The ogre is lightly wounded.
The ogre hits you with a giant club!
* * * LOW HITPOINT WARNING * * *
You hit the ogre!
The ogre is heavily wounded.
The ogre closely misses you.
You riposte.
You hit the ogre!
The ogre is almost dead.
You barely miss the ogre.
The ogre is almost dead.
The ogre barely misses you.
You barely miss the ogre.
The ogre is almost dead.
You barely miss the ogre.
The ogre is almost dead.
The ogre closely misses you.
You barely miss the ogre.
The ogre is almost dead.
The ogre hits you with a giant club!
You die...

.#(#.#.+....# ..
..#....#.##.# #.#
...#...#.##.###.#
..#...8#......#.#
###'###...#.#...#
................#
#..#.#.##.#.#...#
#..#...##..<....#######..
#.>##..####.##..@O.......
... #.##....##.####.####.
#.# #.##.#####.# .. #.
#.## #.# ## #.# #.# #.#
... ### #.#


You could see an ogre.

Vanquished Creatures
  Eustachio (D:4)
  A hound (D:3)
  Jessica (D:3)
  Ijyb (D:3)
  4 gnolls (D:3)
  4 adders
  2 river rats (D:3)
  4 oozes
  3 worms
  2 leopard geckos
  5 orcs (D:3)
  3 ball pythons
  4 giant cockroaches
  16 goblins
  2 hobgoblins
  7 jackals
  A quokka (D:4)
  6 bats
  4 frilled lizards (D:2)
  4 kobolds
  13 rats
88 creatures vanquished.

Notes
Turn   | Place    | Note
-------+----------+-------------------------------------------
     0 | D:1      | Boing the High Elf Skald began the quest for the Orb.
     0 | D:1      | Reached XP level 1. HP: 14/14 MP: 4/4
   434 | D:1      | Reached skill level 4 in Charms
   454 | D:1      | Reached XP level 2. HP: 19/19 MP: 6/6
   465 | D:1      | Learned a level 2 spell: Song of Slaying
   548 | D:1      | Reached XP level 3. HP: 19/24 MP: 8/8
  1354 | D:2      | Reached skill level 1 in Armour
  1668 | D:3      | Reached XP level 4. HP: 19/30 MP: 1/9
  1677 | D:3      | Gained mutation: You tend to lose your temper in combat. [potion of mutation]
  1677 | D:3      | Gained mutation: Scrolls take you a little longer to read. [potion of mutation]
  1691 | D:2      | Gained mutation: You are robust. (+10% HP) [potion of beneficial mutation]
  2133 | D:3      | Found a glowing drain.
  2642 | D:3      | Reached XP level 5. HP: 36/38 MP: 6/10
  3079 | D:3      | Reached skill level 5 in Charms
  3199 | D:3      | Learned a level 2 spell: Shroud of Golubria
  3203 | D:3      | Learned a level 3 spell: Regeneration
  3242 | D:3      | Noticed Ijyb
  3262 | D:3      | Killed Ijyb
  3682 | D:3      | Noticed Jessica
  3687 | D:3      | Killed Jessica
  3687 | D:3      | Reached skill level 1 in Stealth
  3687 | D:3      | Reached XP level 6. HP: 45/45 MP: 9/12
  3834 | D:4      | Noticed Eustachio
  3875 | D:4      | Killed Eustachio
  4178 | D:4      | Slain by an ogre

Skill      XL: |  1  2  3  4  5  6 |
---------------+-------------------+-----
Charms         | 4 5 |  5.1
Long Blades    | 3 4 |  4.9
Armour         | 1 2 |  2.3
Spellcasting   | 3 |  3.5
Stealth        | 1 |  1.2
Fighting       | 3 |  3.1
Dodging        | 2 |  2.1
Translocations | |  0.2

Action                   |  1- 3 |  4- 6 || total
-------------------------+-------+-------++-------
Melee: Falchion          |   110 |   230 ||   340
 Cast: Infusion          |     9 |     9 ||    18
       Song of Slaying   |     2 |     5 ||     7
       Shroud of Golubri |       |     2 ||     2
  Use: Scroll            |     2 |     7 ||     9
       Potion            |       |     8 ||     8
 Stab: Sleeping          |       |     1 ||     1
  Eat: Chunk             |     3 |     7 ||    10
       Bread ration      |       |     1 ||     1
Armor: Leather armour    |    37 |   106 ||   143
       Skin              |       |     7 ||     7
Dodge: Dodged            |    65 |   168 ||   233
       Rpst.: Falchion   |    24 |    47 ||    71
